AoeStats
← GreatPerson25

Arena

507628388Analyzed
4v4 RM · 12d ago on Sep 19, 2026· 67m 21s· 8 players
Game mode
Random Map
Map size
Large (8 player)
Population
200
Speed
Normal
Resources
Standard
Victory
Conquest
Starting age
Dark Age
Ending age
Imperial Age
RankedLock teamsTeams togetherTeam positionsShared explorationLock speedFull tech treeHidden civsTurbo modeCheats
Victory
Defeat
🇨🇴 Malians · Colombia
1446
+15
🇨🇱 Byzantines · Chile
1375
+18
🇧🇴 Cumans · Bolivia
1327
+20
🇨🇴 Bohemians · Colombia
1263
+26
🇺🇸 Mongols · United States
1473
-20
🇺🇸 Britons · United States
1442
-20
🇦🇷 Bohemians · Argentina
1387
-18
🇨🇳 Mapuche · China
1385
-18
GreatPerson25
10:36 Feudal Age
11:16 Double-Bit Axe
11:37 Loom
14:09 Castle Age
12:55 Horse Collar
15:23 Bow Saw
20:56 Heavy Plow
22:09 Wheelbarrow
24:12 Hand Cart
24:44 Town Watch
26:03 Fletching
29:05 Imperial Age
27:32 Gold Mining
27:38 Bodkin Arrow
27:56 Stone Mining
29:19 Onager
30:30 Conscription
31:35 Chemistry
31:32 Coinage
32:07 Bracer
33:58 Banking
33:55 Siege Onager
34:35 Siege Onager
36:14 Fortified Wall
36:15 Masonry
37:12 Drill
42:09 Nomads
42:45 Hoardings
47:20 Ballistics
50:37 Light Cavalry
51:29 Bloodlines
51:19 Husbandry
51:26 Scale Barding Armor
53:39 Scale Barding Armor
55:54 Chain Barding Armor
57:23 Forging
59:11 Iron Casting
63:47 Scale Mail Armor
64:58 Blast Furnace
bobross
10:35 Feudal Age
14:49 Castle Age
14:32 Horse Collar
14:38 Double-Bit Axe
23:28 Wheelbarrow
22:59 Gold Mining
23:11 Loom
23:40 Loom
23:47 Town Watch
25:30 Hand Cart
25:01 Town Watch
25:48 Padded Archer Armor
26:14 Heavy Plow
26:26 Bow Saw
30:12 Imperial Age
27:42 Stone Mining
27:48 Fletching
28:14 Leather Archer Armor
28:48 Gold Shaft Mining
29:07 Bodkin Arrow
30:26 Town Patrol
30:44 Elite Longbowman
31:39 Bracer
32:02 Ballistics
33:33 Ring Archer Armor
34:05 Chemistry
36:03 Warwolf
39:44 Masonry
39:59 Conscription
40:03 Yeomen
41:15 Two-Man Saw
42:44 Siege Engineers
46:20 Caravan
50:04 Architecture
50:12 Hoardings
52:37 Coinage
52:21 Guilds
52:44 Coinage
54:43 Banking
62:51 Guilds
red
11:31 Feudal Age
12:39 Double-Bit Axe
15:06 Castle Age
12:58 Horse Collar
16:43 Bow Saw
18:28 Loom
20:50 Wheelbarrow
22:28 Gold Mining
23:49 Fletching
25:07 Bodkin Arrow
27:00 Heavy Plow
27:43 Sanctity
28:19 Malon
31:27 Ballistics
32:04 Hand Cart
32:40 Elite Skirmisher
37:55 Imperial Age
34:47 Elite Skirmisher
36:40 Town Watch
37:55 Padded Archer Armor
38:58 Leather Archer Armor
39:08 Elite Bolas Rider
39:29 Pikeman
39:55 Arson
40:41 Ring Archer Armor
42:03 Coinage
43:23 Chemistry
42:30 Siege Engineers
43:04 Crop Rotation
43:24 Forging
43:15 Scale Mail Armor
43:33 Halberdier
44:51 Conscription
45:01 Stone Mining
45:47 Gold Shaft Mining
46:55 Butalmapu
48:04 Caravan
48:07 Elite Kona
50:43 Iron Casting
49:42 Capped Ram
53:15 Masonry
54:43 Chain Mail Armor
56:09 Blast Furnace
54:40 Champi Runner
56:05 Champi Warrior
57:32 Plate Mail Armor
57:25 Murder Holes
58:06 Elite Champi Warrior
64:47 Bombard Tower
64:57 Architecture
Falc0n
10:51 Feudal Age
12:05 Loom
15:02 Castle Age
13:29 Double-Bit Axe
13:57 Horse Collar
18:07 Fervor
21:28 Heavy Plow
23:03 Town Watch
24:32 Pikeman
27:40 Wheelbarrow
27:07 Scale Mail Armor
30:13 Imperial Age
28:37 Chain Mail Armor
28:33 Forging
28:38 Squires
29:02 Bow Saw
31:41 Plate Mail Armor
30:44 Halberdier
32:54 Iron Casting
33:42 Hand Cart
33:44 Block Printing
33:51 Sanctity
35:11 Chemistry
34:31 Ballistics
35:12 Arson
36:28 Blast Furnace
38:10 Houfnice
40:35 Masonry
41:10 Siege Engineers
51:15 Fletching
51:27 Padded Archer Armor
52:11 Murder Holes
52:47 Architecture
51:58 Treadmill Crane
52:29 Fortified Wall
53:25 Guard Tower
53:22 Arrowslits
56:01 Town Patrol
57:06 Two-Man Saw
57:11 Caravan
64:46 Bodkin Arrow
65:29 Keep
Dadagama
10:53 Feudal Age
11:23 Double-Bit Axe
11:19 Horse Collar
13:58 Wheelbarrow
16:28 Castle Age
17:57 Bow Saw
17:50 Heavy Plow
24:52 Gold Mining
25:29 Scale Barding Armor
25:34 Forging
28:11 Imperial Age
25:59 Hand Cart
27:35 Chain Barding Armor
27:50 Iron Casting
27:13 Loom
27:50 Bloodlines
27:40 Husbandry
29:10 Gold Shaft Mining
29:44 Town Watch
30:37 Plate Barding Armor
29:30 Heavy Camel Rider
31:54 Farimba
35:18 Conscription
35:15 Light Cavalry
37:30 Cavalier
58:27 Caravan
67:15 Crop Rotation
Bohemio_Antisemilla
13:06 Feudal Age
16:49 Castle Age
14:39 Double-Bit Axe
14:35 Horse Collar
18:09 Bow Saw
20:25 Loom
20:30 Town Watch
23:18 Heavy Plow
24:36 Loom
25:43 Wheelbarrow
29:51 Imperial Age
27:26 Scale Mail Armor
27:36 Forging
27:29 Squires
28:25 Hand Cart
27:45 Pikeman
29:47 Chemistry
29:10 Ballistics
30:16 Wagenburg Tactics
30:10 Fletching
30:47 Masonry
31:12 Conscription
30:52 Halberdier
32:00 Forging
38:26 Chain Mail Armor
38:47 Iron Casting
38:13 Padded Archer Armor
38:09 Bodkin Arrow
38:16 Houfnice
40:33 Two-Man Saw
39:56 Town Patrol
40:31 Plate Mail Armor
39:51 Arson
39:30 Elite Skirmisher
41:15 Guilds
45:30 Leather Archer Armor
45:16 Bracer
45:52 Architecture
45:28 Siege Engineers
45:56 Architecture
45:22 Murder Holes
45:07 Treadmill Crane
Rayita
12:10 Feudal Age
16:06 Castle Age
17:48 Loom
18:33 Double-Bit Axe
21:44 Imperial Age
19:37 Horse Collar
20:20 Bow Saw
22:17 Fletching
26:16 Capped Ram
29:27 Chemistry
30:40 Padded Archer Armor
32:00 Bodkin Arrow
32:20 Leather Archer Armor
32:08 Elite Skirmisher
32:24 Elite Skirmisher
33:21 Leather Archer Armor
34:18 Thumb Ring
35:21 Ballistics
39:55 Bracer
40:25 Ring Archer Armor
40:08 Treadmill Crane
41:35 Wheelbarrow
41:38 Ring Archer Armor
41:00 Gold Mining
42:31 Conscription
46:58 Scale Mail Armor
47:08 Forging
53:45 Squires
55:27 Scale Barding Armor
55:33 Forging
56:21 Hand Cart
56:08 Heavy Plow
58:18 Husbandry
59:56 Siege Ram
61:42 Light Cavalry
62:59 Chain Barding Armor
63:14 Iron Casting
62:44 Hussar
65:24 Plate Barding Armor
Codiman
9:20 Feudal Age
10:32 Double-Bit Axe
10:31 Horse Collar
18:18 Loom
19:47 Wheelbarrow
19:37 Loom
22:10 Castle Age
20:33 Town Watch
20:52 Gold Mining
20:53 Stone Mining
22:40 Forging
22:35 Scale Barding Armor
23:06 Bloodlines
22:26 Light Cavalry
25:13 Pikeman
25:56 Scale Mail Armor
30:23 Hand Cart
30:46 Chain Barding Armor
31:02 Iron Casting
34:25 Town Patrol
34:42 Chain Mail Armor
34:19 Fletching
39:04 Imperial Age
40:41 Gold Shaft Mining
40:32 Padded Archer Armor
40:29 Bodkin Arrow
41:39 Chemistry
40:20 Elite Skirmisher
41:26 Bow Saw
41:31 Thumb Ring
42:24 Leather Archer Armor
44:28 Hussar
45:44 Plate Barding Armor
46:10 Blast Furnace
45:41 Ring Archer Armor
47:57 Heavy Plow
49:28 Cavalier
50:43 Plate Mail Armor
51:10 Halberdier
51:51 Squires
55:42 Ballistics
57:55 Paladin
66:58 Caravan
Connection lost

Rejoining the realm…

Still unreachable

The connection could not be restored.

Session expired

The server has moved on; the page needs a fresh start.